 Dungeon Sprint DCSS version 0.28-a0-422-gd71735cc25 (webtiles) character file.

Game seed: 4854889358228158618

1794 Lochraine the Fighter (level 8, -2/90 HPs)
             Began as a Minotaur Berserker on Sept 8, 2021.
             Was an Elder of Trog.
             Slain by a demonic crawler (5 damage)
             ... in the Dungeon (Sprint I: "Red Sonja").
             The game lasted 00:03:04 (743 turns).

Lochraine the Fighter (Minotaur Berserker)           Turns: 743, Time: 00:03:04

Health: -2/90      AC:  8    Str: 22    XL:     8   Next: 82%
Magic:  7/7        EV: 15    Int:  4    God:    Trog [****..]
Gold:   405        SH:  0    Dex: 12    Spells: 7/7 levels left

rFire   . . .      SeeInvis .   a - +0 falchion
rCold   + . .      Faith    .   (no shield)
rNeg    . . .      Spirit   .   j - +1 ring mail {rC+}
rPois   .          Reflect  .   (helmet restricted)
rElec   .          Harm     .   (no cloak)
rCorr   .          Rampage  .   (no gloves)
Will    .....      NoTele   +   (no boots)
Stlth   +.........              (no amulet)
HPRegen 0.25/turn               (no ring)
MPRegen 0.10/turn               (no ring)

@: on berserk cooldown, slowed, very slow
A: horns 2, retaliatory headbutt
a: Renounce Religion, Berserk, Trog's Hand, Brothers in Arms


You were in the Dungeon.
You worshipped Trog.
Trog was greatly pleased with you.
You visited 1 branch You collected 405 gold pieces.

Inventory:

Hand Weapons
 a - a +0 falchion (weapon)
 g - a +2 antimagic dagger
   (You took it off a kobold demonologist in the Dungeon)
 k - a +1 dagger of holy wrath
   (You took it off Ijyb in the Dungeon)
Armour
 b - a +0 animal skin
 j - a +1 ring mail of cold resistance (worn)
   (You took it off Ijyb in the Dungeon)
Wands
 i - a wand of polymorph (6)
   (You took it off Ijyb in the Dungeon)
 t - a wand of flame (18)
   (You found it in the Dungeon)
Scrolls
 h - a scroll of blinking
Potions
 c - a potion of curing {@q1}
 d - a potion of heal wounds {@q2}
 e - a potion of haste {@q3}
 f - 2 potions of magic


   Skills:
 + Level 14.7 Fighting
 - Level 11.2 Long Blades
 + Level 10.7 Armour
 + Level 9.9 Dodging


You had 7 spell levels left.
You didn't know any spells.
Your spell library was empty.

Dungeon Overview and Level Annotations

Branches:
Dungeon (1/1)

Altars:
Cheibriados
Dithmenos
Elyvilon
Fedhas
Gozag
Hepliaklqana
Kikubaaqudgha
Makhleb
Nemelex Xobeh
Okawaru
Qazlal
Ru
Sif Muna
Trog
Uskayaw
Vehumet
Wu Jian
Xom
Yredelemnul
Zin
The Shining One
Jiyva
Lugonu

Shops:
D ?


Innate Abilities, Weirdness & Mutations

You have a pair of horns on your head.
You reflexively headbutt those who attack you in melee.


Message History

You barely miss the demonic crawler. You headbutt the demonic crawler!
The demonic crawler closely misses you. The demonic crawler hits you.
* * * LOW HITPOINT WARNING * * *
The demonic crawler misses you.
You hit the demonic crawler. The demonic crawler misses you.
The demonic crawler closely misses you.
The demonic crawler hits you but does no damage.
You slice the demonic crawler!! You headbutt the demonic crawler!
The demonic crawler completely misses you.
You furiously retaliate!
You headbutt the demonic crawler, but do no damage.
The demonic crawler hits you but does no damage.
The demonic crawler closely misses you. The demonic crawler misses you.
The demonic crawler hits you.
* * * LOW HITPOINT WARNING * * *
The demonic crawler hits you.
* * * LOW HITPOINT WARNING * * *
You hit the demonic crawler. The demonic crawler hits you.
* * * LOW HITPOINT WARNING * * *
The demonic crawler barely misses you.
The demonic crawler hits you but does no damage.
You slash the demonic crawler!
You kill the demonic crawler!
Trog accepts your kill.
You slash the demonic crawler! You barely miss the demonic crawler.
The demonic crawler hits you.
* * * LOW HITPOINT WARNING * * *
The demonic crawler hits you.
* * * LOW HITPOINT WARNING * * *
The demonic crawler hits you!
* * * LOW HITPOINT WARNING * * *
You slash the demonic crawler! The demonic crawler hits you.
* * * LOW HITPOINT WARNING * * *
The demonic crawler hits you but does no damage.
The demonic crawler hits you!
* * * LOW HITPOINT WARNING * * *
The demonic crawler completely misses you.
The demonic crawler barely misses you. The demonic crawler misses you.
You feel a strong urge to attack something.
You are no longer berserk.
You are exhausted.
You feel yourself slow down.
There is an open door, spattered with blood here.
Things that are here:
a +0 robe; a kobold corpse You fail to use your ability.
The demonic crawler hits you!
* * * LOW HITPOINT WARNING * * *
The demonic crawler hits you but does no damage.
The demonic crawler hits you.
You die...

#####################
.)..#..'..#__#..@s..#
.#..').#..'..'.)#s.†##+#
###'#####'#__####...'..#
##..#...#)#### #####..+
_####..##.# ##
____##'#_.+ .∩...'..._#
..__##_.#'# ____###+#)#


You could see 2 demonic crawlers.

Vanquished Creatures
  2 kobold demonologists (D)
  2 demonic crawlers (D)
  A slime creature (D)
  Sigmund (D)
  A yak (D)
  A floating eye (D)
  An ogre (D)
  A jelly (D)
  Ijyb (D)
11 creatures vanquished.

Notes
Turn   | Place    | Note
-------+----------+-------------------------------------------
     0 | D        | Lochraine the Minotaur Berserker began the quest for the
                  | Orb.
     0 | D        | Reached XP level 1. HP: 19/19 MP: 0/0
     1 | D        | Noticed Ijyb
     7 | D        | Killed Ijyb
     8 | D        | Reached skill level 6 in Fighting
     8 | D        | Reached XP level 2. HP: 30/30 MP: 1/1
   129 | D        | Noticed an ogre
   133 | D        | Killed an ogre
   134 | D        | Reached skill level 8 in Fighting
   134 | D        | Reached XP level 3. HP: 41/41 MP: 2/2
   134 | D        | Reached XP level 4. HP: 49/49 MP: 3/3
   249 | D        | Noticed Sigmund
   255 | D        | Killed Sigmund
   255 | D        | Reached ** piety under Trog
   256 | D        | Reached skill level 10 in Fighting
   256 | D        | Reached skill level 10 in Long Blades
   256 | D        | Reached XP level 5. HP: 59/59 MP: 4/4
   280 | D        | Found a shimmering blue altar of Sif Muna.
   281 | D        | Found an ornate altar of the Wu Jian Council.
   282 | D        | Found a radiant altar of Vehumet.
   288 | D        | Reached skill level 11 in Fighting
   288 | D        | Reached XP level 6. HP: 42/68 MP: 5/5
   417 | D        | Found Rax Iddefun's Magic Scroll Emporium.
   417 | D        | Found an ancient bone altar of Kikubaaqudgha.
   417 | D        | Found a hazy altar of Hepliaklqana.
   417 | D        | Found a stormy altar of Qazlal.
   417 | D        | Found a hide-covered altar of Uskayaw.
   417 | D        | Found a blossoming altar of Fedhas.
   417 | D        | Found a bloodstained altar of Trog.
   417 | D        | Found an iron altar of Okawaru.
   417 | D        | Found a basalt altar of Yredelemnul.
   417 | D        | Found a glowing golden altar of the Shining One.
   417 | D        | Found a snail-covered altar of Cheibriados.
   417 | D        | Found a sacrificial altar of Ru.
   417 | D        | Found a glowing silver altar of Zin.
   417 | D        | Found a shadowy altar of Dithmenos.
   417 | D        | Found a white marble altar of Elyvilon.
   417 | D        | Noticed a yak
   423 | D        | Killed a yak
   424 | D        | Reached skill level 12 in Fighting
   424 | D        | Reached skill level 5 in Armour
   429 | D        | Found an opulent altar of Gozag.
   443 | D        | Found a sparkling altar of Nemelex Xobeh.
   463 | D        | Found a viscous altar of Jiyva.
   463 | D        | Found a corrupted altar of Lugonu.
   463 | D        | Noticed a slime creature
   464 | D        | Found a burning altar of Makhleb.
   464 | D        | Found a shimmering altar of Xom.
   467 | D        | Killed a slime creature
   467 | D        | Reached *** piety under Trog
   468 | D        | Reached XP level 7. HP: 78/78 MP: 6/6
   585 | D        | Noticed a kobold demonologist
   585 | D        | Noticed a kobold demonologist
   590 | D        | Paralysed by a floating eye for 4 turns
   595 | D        | Killed a kobold demonologist
   596 | D        | Reached skill level 13 in Fighting
   602 | D        | Killed a kobold demonologist
   602 | D        | Reached **** piety under Trog
   602 | D        | Paralysed by a floating eye for 4 turns
   603 | D        | Reached XP level 8. HP: 88/88 MP: 5/7
   610 | D        | Reached skill level 14 in Fighting
   722 | D        | Noticed a demonic crawler
   722 | D        | Noticed a demonic crawler
   722 | D        | Noticed a demonic crawler
   722 | D        | Noticed a demonic crawler
   727 | D        | Killed a demonic crawler
   728 | D        | Reached skill level 10 in Armour
   736 | D        | Killed a demonic crawler
   743 | D        | HP: 3/90 [demonic crawler (7)]
   743 | D        | Slain by a demonic crawler

Illustrated notes

Levels and vault maps discovered:
D:        dungeon_sprint_1 [red_sonja_temple_1, red_sonja_temple_small_1]

Skill      XL: |  1  2  3  4  5  6  7  8 |
---------------+-------------------------+-----
Fighting       | 6 8 10 11 12 13 14 | 14.7
Long Blades    | 6 8 10 11 | 11.2
Armour         | 6 9 10 | 10.7
Dodging        | 6 8 9 |  9.9

Action                   |  1- 3 |  4- 6 |  7- 9 || total
-------------------------+-------+-------+-------++-------
Melee: Falchion          |     7 |    15 |    31 ||    53
       Headbutt          |     4 |     6 |     7 ||    17
Invok: Berserk           |     1 |     3 |     2 ||     6
  Use: Potion            |     1 |       |       ||     1
Armor: Ring mail         |       |       |    17 ||    17
Dodge: Dodged            |     3 |     8 |    23 ||    34

Table legend: (Time is in decaauts)
 A = Elapsed time spent in this place.
 B = Non-inter-level travel time spent in this place.
 C = Inter-level travel time spent in this place.
 D = Time resting spent in this place.
 E = Time spent auto-exploring this place.
 F = Levels seen in this place.
 G = Mean time per level.
                   A        B        C        D        E       F      G
               +--------+--------+--------+--------+--------+-----+--------+
         Total |    785 |    785 |      0 |    591 |      0 |   1 |  785.0 |
       Dungeon |    785 |    785 |      0 |    591 |      0 |   1 |  785.0 |
               +--------+--------+--------+--------+--------+-----+--------+

Top non-repeatable levels by time:
       D: 785 daAuts
